 Dungeon Crawl Stone Soup version 0.23.2-1-ga50397a (webtiles) character file.

Game seed: 6974639158397041101

1645 diana the Chopper (level 8, -2/63 HPs)
             Began as a Demonspawn Fighter on May 24, 2019.
             Slain by an orc warrior
             ... wielding a +0 trident
              (13 damage)
             ... on level 7 of the Dungeon.
             The game lasted 00:05:04 (5196 turns).

diana the Chopper (Demonspawn Fighter)              Turns: 5196, Time: 00:05:04

Health: -2/63      AC:  8    Str: 18    XL:     8   Next: 67%
Magic:  8/8        EV:  9    Int: 11    God:
Gold:   337        SH: 10    Dex: 12    Spells: 7/7 levels left

rFire    . . .     SeeInvis .   a - +0 war axe
rCold    . . .     Gourm    .   c - +1 shield
rNeg     . . .     Faith    .   b - +0 scale mail
rPois    .         Spirit   .   (no helmet)
rElec    .         Reflect  .   (no cloak)
rCorr    .         Harm     .   r - +0 pair of gloves
MR       .....                  (no boots)
Stlth    ..........             (no amulet)
HPRegen  0.20/turn              (no ring)
MPRegen  0.11/turn              (no ring)

@: no status effects
A: hooves 2, spiny 1
a: no special abilities


You were on level 7 of the Dungeon.
You were not hungry.

You visited 2 branches of the dungeon, and saw 8 of its levels.

You collected 337 gold pieces.

Inventory:

Hand Weapons
 a - a +0 war axe (weapon)
Armour
 b - a +0 scale mail (worn)
 c - a +1 shield (worn)
 r - a +0 pair of gloves (worn)
Jewellery
 w - a cursed amulet of inaccuracy {unknown}
Wands
 u - a wand of flame (12)
Scrolls
 e - 3 scrolls of teleportation
 g - 4 scrolls of enchant armour
 h - 3 scrolls of identify
 i - 2 scrolls of remove curse
 l - 2 scrolls of noise {unknown}
 n - a scroll of amnesia {unknown}
 o - a scroll of blinking {unknown}
 t - 2 scrolls of enchant weapon {unknown}
 v - 4 scrolls of magic mapping {unknown}
 x - a scroll of random uselessness {unknown}
Potions
 d - a potion of curing
 j - 2 potions of lignification {unknown}
 k - 2 potions of mutation {unknown}
 m - 2 potions of heal wounds {unknown}
 p - a potion of berserk rage {unknown}
 q - a potion of brilliance {unknown}
 s - a potion of invisibility {unknown}
Comestibles
 f - 8 rations


   Skills:
 + Level 5.5 Fighting
 * Level 6.1 Axes
 + Level 4.8 Armour
 + Level 3.7 Dodging
 + Level 4.9 Shields


You had 7 spell levels left.
You didn't know any spells.
Your spell library contained the following spells:

 Spells                   Type           Power        Failure   Level  Hunger
 Animate Skeleton         Necr           N/A          98%         1    ##.....
 Apportation              Tloc           #.....       98%         1    ##.....
 Confusing Touch          Hex            #.....       98%         1    ##.....
 Summon Small Mammal      Summ           #...         98%         1    ##.....


Dungeon Overview and Level Annotations

Branches:
Dungeon (7/15)             Temple (1/1) D:7

Altars:
Cheibriados
Elyvilon
Gozag
Hepliaklqana
Nemelex Xobeh
Okawaru
Qazlal
Ru
Sif Muna
Trog
Uskayaw
Vehumet
Xom
Yredelemnul
Zin

Shops:
D:6 [

Annotations:
D:4 1 runed translucent door, Crazy Yiuf


Innate Abilities, Weirdness & Mutations

You have hoof-like feet.
You are partially covered in sharp spines.


Message History

You closely miss the orc priest.
The orc priest is severely wounded.
The orc priest hits you with a +0 whip.
* * * LOW HITPOINT WARNING * * *
The orc warrior hits you from afar with a +0 trident!
* * * LOW HITPOINT WARNING * * *
You block the orc priest's attack.
It was a potion of curing.
You feel better. The orc warrior closely misses you.
The orc priest barely misses you.
You hit the orc priest but do no damage.
The orc priest is severely wounded.
The orc warrior hits you from afar with a +0 trident.
* * * LOW HITPOINT WARNING * * *
The orc priest is struck by your spines.
You kill the orc priest!
Unknown command.
There is an open door here.
There is a staircase to the Ecumenical Temple here.
The orc warrior hits you from afar with a +0 trident!
You die...

# ##+##
##.##...####
...#.......# ###
##..8.8.8.# ##.##
#....⌠.⌠..####...##
+<..8.@.8.'......<#
#....⌠.⌠..####...##
##..8.8o8.# ##.##
#........# ###
###..)#### ##'##
#.# #.# #)#


You could see an orc warrior.

Vanquished Creatures
  Duvessa (D:5)
  An ice beast (D:6)
  3 phantoms
  2 bullfrogs
  Dowan (D:5)
  2 scorpions (D:4)
  4 electric eels (D:6)
  5 crimson imps
  2 hounds
  4 orc priests
  A jelly (D:5)
  2 centaur skeletons
  A bullfrog skeleton (D:5)
  Terence (D:2)
  A killer bee zombie (D:5)
  A worker ant (D:4)
  A hound zombie (D:6)
  7 adders
  3 gnolls (D:4)
  An ooze (D:3)
  5 worms
  7 dart slugs
  4 leopard geckos
  9 orcs
  2 ball pythons
  2 giant cockroaches (D:2)
  3 goblins
  3 hobgoblins
  10 jackals
  6 kobolds
  2 quokkas (D:3)
  6 bats
  3 frilled lizards
  A giant cockroach zombie (D:5)
  A quokka skeleton (D:5)
  A quokka zombie (D:5)
  6 rats
115 creatures vanquished.

Notes
Turn   | Place    | Note
-------+----------+-------------------------------------------
     0 | D:1      | diana the Demonspawn Fighter began the quest for the Orb.
     0 | D:1      | Reached XP level 1. HP: 18/18 MP: 1/1
   164 | D:1      | Reached skill level 2 in Axes
   248 | D:1      | Gained mutation: You have large cloven feet. [demonic
                  | ancestry]
   248 | D:1      | Reached XP level 2. HP: 20/24 MP: 2/2
   692 | D:2      | Gained mutation: You have hoof-like feet. [demonic
                  | ancestry]
   692 | D:2      | Reached XP level 3. HP: 29/29 MP: 3/3
   749 | D:2      | Reached skill level 1 in Dodging
  1097 | D:2      | Noticed Terence
  1109 | D:2      | Killed Terence
  1109 | D:2      | Reached XP level 4. HP: 25/35 MP: 4/4
  1716 | D:3      | Gained mutation: You are partially covered in sharp spines.
                  | [demonic ancestry]
  1716 | D:3      | Reached XP level 5. HP: 32/41 MP: 5/5
  1782 | D:4      | Reached skill level 3 in Axes
  1843 | D:4      | Noticed a phantom
  1868 | D:4      | Reached XP level 6. HP: 40/48 MP: 6/6
  2019 | D:4      | Found a runed translucent door.
  2020 | D:4      | Noticed Crazy Yiuf
  2237 | D:4      | Reached skill level 4 in Axes
  2643 | D:5      | Entered Level 5 of the Dungeon
  2857 | D:4      | Reached XP level 7. HP: 38/55 MP: 7/7
  3082 | D:5      | Noticed Duvessa
  3082 | D:5      | Noticed Dowan
  3089 | D:5      | Killed Duvessa
  3094 | D:5      | Killed Dowan
  3350 | D:5      | Found an opulent altar of Gozag.
  3561 | D:5      | Reached skill level 5 in Axes
  3623 | D:5      | Reached XP level 8. HP: 43/61 MP: 8/8
  3675 | D:5      | Reached skill level 5 in Fighting
  4113 | D:6      | Found Asuubu's Antique Armour Shoppe.
  4742 | D:6      | Reached skill level 6 in Axes
  5074 | D:7      | Found a staircase to the Ecumenical Temple.
  5089 | Temple   | Entered the Ecumenical Temple
  5186 | D:7      | HP: 2/63 [orc warrior/+0 trident (11)]
  5196 | D:7      | Slain by an orc warrior

Skill      XL: |  1  2  3  4  5  6  7  8 |
---------------+-------------------------+-----
Axes           | 2 3 4 5 6 |  6.1
Armour         | 3 4 |  4.8
Dodging        | 1 2 3 |  3.7
Shields        | 3 4 |  4.9
Fighting       | 4 5 |  5.5

Action                   |  1- 3 |  4- 6 |  7- 9 || total
-------------------------+-------+-------+-------++-------
Melee: War axe           |    99 |   119 |   132 ||   350
       Kick              |    10 |    35 |    32 ||    77
Evoke: Wand              |       |       |     5 ||     5
  Use: Scroll            |       |     2 |     2 ||     4
       Potion            |       |       |     2 ||     2
  Eat: Chunk             |       |     5 |     7 ||    12
       Ration            |       |       |     1 ||     1
Armor: Scale mail        |    60 |    45 |    43 ||   148
Dodge: Dodged            |    38 |    44 |    30 ||   112
Block: Shield            |    44 |    61 |    69 ||   174
